 Dungeon Crawl Stone Soup version bcrawl-1.18 (webtiles) character file.

Game seed: 6342365446198730987

77 Fabrigos the Skirmisher (level 4, -2/40 HPs)
             Began as a Demigod Archaeologist on Nov 3, 2019.
             Slain by an adder (4 damage)
             ... on level 3 of the Dungeon.
             The game lasted 00:03:19 (2083 turns).

Fabrigos the Skirmisher (Demigod Archaeologist)     Turns: 2083, Time: 00:03:20

Health: -2/40      AC:  6    Str: 15    XL:     4   Next: 14%
Magic:  6/6        EV: 13    Int: 20    God:    Demigod [*.....]
Gold:   269        SH:  0    Dex: 15    Spells: 3/3 levels left

rFire    . . .     SeeInvis .   a - +0 whip
rCold    . . .     Gourm    .   (no shield)
rNeg     . . .     Faith    .   b - +1 robe
rPois    .         Spirit   .   c - +1 hat
rElec    .         Reflect  .   (no cloak)
rCorr    .         Harm     .   (no gloves)
MR       .....                  d - +1 pair of boots
Stlth    ++........             (no amulet)
HPRegen  0.13/turn              (no ring)
MPRegen  0.10/turn              (no ring)

@: lethally poisoned (-2 -> -9), studying Maces & Flails
A: high mp 1
a: Temporal Distortion


You were on level 3 of the Dungeon.
You worshipped Demigod.
Demigod was aware of your devotion.
You were not hungry.

You visited 1 branch of the dungeon, and saw 3 of its levels.

You collected 269 gold pieces.

Inventory:

Hand Weapons
 a - a +0 whip (weapon)
Armour
 b - a +1 robe (worn)
 c - a +1 hat (worn)
 d - a +1 pair of boots (worn)
Jewellery
 n - an uncursed ring of poison resistance {unknown}
 r - an uncursed ring of protection from cold {unknown}
Scrolls
 h - a scroll of noise {unknown}
 i - 2 scrolls of identify {unknown}
 j - 3 scrolls of immolation {unknown}
 k - 2 scrolls of remove curse {unknown}
 l - 2 scrolls of teleportation {unknown}
 m - 3 scrolls of blinking {unknown}
Potions
 o - 3 potions of flight {unknown}
 p - a potion of berserk rage {unknown}
 q - a potion of heal wounds {unknown}
 s - 2 potions of brilliance {unknown}
 t - a potion of degeneration {unknown}
 u - 2 potions of might {unknown}
Books
 e - a manual of Maces & Flails
Miscellaneous
 f - an ancient crate
Comestibles
 g - 6 rations {!d}


   Skills:
 * Level 3.7 Fighting
 - Level 0.8 Maces & Flails
 - Level 2.6 Dodging
 - Level 3.0 Stealth


You had 3 spell levels left.
You didn't know any spells.
Your spell library contained the following spells:

 Spells                   Type           Power        Failure   Level  Hunger
 Magic Dart               Conj           #...         19%         1    ##.....
 Slow                     Hex            #.......     19%         1    ##.....
 Blink                    Tloc           N/A          28%         2    ###....
 Call Imp                 Summ           #.......     28%         2    ###....
 Conjure Flame            Conj/Fire      #.......     50%         3    ####...
 Mephitic Cloud           Conj/Pois/Air  #.......     50%         3    ####...


Dungeon Overview and Level Annotations

Branches:
Dungeon (3/12)


Innate Abilities, Weirdness & Mutations

You have an increased reservoir of magic. (+10% MP)


Message History

* * * LOW HITPOINT WARNING * * *
You are poisoned.
The adder poisons you!
You hit the adder.
The adder is heavily wounded.
You feel sick. The adder bites you.
* * * LOW HITPOINT WARNING * * *
The adder closely misses you.
You completely miss the adder.
The adder is heavily wounded.
The adder bites you.
* * * LOW HITPOINT WARNING * * *
You are lethally poisoned!
The adder poisons you!
You hit the adder.
The adder is severely wounded.
* * * LOW HITPOINT WARNING * * *
You feel sick. The adder barely misses you. The adder bites you.
You die...
Your divinity fades.

#...<.........##.#...#######..#.#
#......##.....)...._......###....
#......##...#.####...#.#### #.#.#
#....####. ### ##.##.# ......
.###.. #....# ### #.# . .##
#.#### . . (# #######.####
.###.......[..# .......@S.....#
####.##.......# # #...........
#........##. #........# #
#........# #.###.##.. #. .# ##


You could see an adder.

Vanquished Creatures
  Natasha (D:3)
  A dart slug (D:3)
  3 leopard geckos
  5 orcs (D:3)
  2 bats
  2 goblins (D:1)
  4 hobgoblins
  3 jackals (D:1)
  8 kobolds
  3 quokkas (D:3)
  4 frilled lizards
  5 rats (D:1)
41 creatures vanquished.

Notes
Turn   | Place    | Note
-------+----------+-------------------------------------------
     0 | D:1      | Fabrigos the Demigod Archaeologist began the quest for the
                  | Orb.
     0 | D:1      | Reached XP level 1. HP: 15/15 MP: 3/3
    25 | D:1      | Reached skill level 1 in Fighting
   321 | D:1      | Reached XP level 2. HP: 10/24 MP: 4/4
  1188 | D:2      | Reached XP level 3. HP: 29/30 MP: 5/5
  1523 | D:3      | Noticed an ogre
  1598 | D:3      | Found a sacrificial altar of Ru.
  1629 | D:3      | Reached * piety under Demigod
  2007 | D:3      | Found an iron altar of Okawaru.
  2065 | D:3      | Noticed Natasha
  2077 | D:3      | Killed Natasha
  2077 | D:3      | Reached XP level 4. HP: 7/40 MP: 6/6
  2083 | D:3      | HP: 2/40 [poisoned by an adder]
  2083 | D:3      | Slain by an adder

Skill      XL: |  1  2  3 |
---------------+----------+-----
Fighting       | 2 3 |  3.7
Maces & Flails | |  0.8
Dodging        | |  2.6
Stealth        | |  3.0

Action                   |  1- 3 |  4- 6 || total
-------------------------+-------+-------++-------
Melee: Whip              |   208 |     5 ||   213
 Stab: Sleeping          |     3 |       ||     3
  Eat: Chunk             |     4 |       ||     4
Armor: Robe              |    69 |     1 ||    70
Dodge: Dodged            |   153 |     5 ||   158
